 Dungeon Sprint DCSS version 0.28-a0-1356-g2ad6d04315 (webtiles) character file.

Game seed: 15594994417079212664

1360 mhtbhm the Arsonist (level 8, -7/71 HPs)
             Began as a Human Cinder Acolyte on Dec 30, 2021.
             Was an Initiate of Ignis.
             Mangled by a tengu warrior (26 damage)
             ... in the Dungeon (Sprint IX: "|||||||||||||||||||||||||||||").
             The game lasted 00:03:43 (660 turns).

mhtbhm the Arsonist (Human Cinder Acolyte)           Turns: 660, Time: 00:03:43

Health: -7/71      AC: 10    Str: 20    XL:     8   Next: 96%
Magic:  14/16      EV: 13    Int: 14    God:    Ignis [......]
Gold:   0          SH:  0    Dex: 12    Spells: 16/18 levels left

rFire   + . .      SeeInvis .   a - +2 rapier (venom)
rCold   . . .      Faith    .   (no shield)
rNeg    . . .      Spirit   .   b - +0 robe
rPois   .          Reflect  .   (no helmet)
rElec   .          Harm     .   (no cloak)
rCorr   .          Rampage  .   (no gloves)
Will    .....      NoTele   +   k - +0 pair of boots
Stlth   +.........              (no amulet)
HPRegen 0.21/turn               l - +3 ring of strength
MPRegen 0.15/turn               m - +3 ring of dexterity

@: fiery-armoured
A: no striking features
a: Renounce Religion, Rising Flame


You were in the Dungeon.
You worshipped Ignis.
Ignis was noncommittal.
You visited 1 branch

Inventory:

Hand Weapons
 a - a +2 rapier of venom (weapon)
Armour
 b - a +0 robe (worn)
 k - a +0 pair of boots (worn)
Jewellery
 l - a +3 ring of strength (left hand)
 m - a +3 ring of dexterity (right hand)
Wands
 j - a wand of iceblast (3)
Scrolls
 h - 2 scrolls of blinking
 i - 2 scrolls of amnesia
Potions
 f - 2 potions of magic
 g - 3 potions of curing


   Skills:
 + Level 9.5 Fighting
 + Level 9.9 Short Blades
 + Level 3.5 Dodging
 + Level 5.9 Spellcasting
 + Level 11.1 Fire Magic
 + Level 3.5 Evocations


You had 16 spell levels left.
You knew the following spells:

 Your Spells              Type           Power      Damage    Failure   Level
a - Scorch                Fire           70%        2d9       1%          2

Your spell library contained the following spells:

 Spells                   Type           Power      Damage    Failure   Level


Dungeon Overview and Level Annotations

Branches:
Dungeon (1/1)

Altars:
Cheibriados
Dithmenos
Elyvilon
Fedhas
Gozag
Hepliaklqana
Kikubaaqudgha
Makhleb
Nemelex Xobeh
Okawaru
Qazlal
Ru
Sif Muna
Trog
Uskayaw
Vehumet
Wu Jian
Xom
Yredelemnul
Zin
The Shining One
Beogh
Jiyva
Lugonu


Message History

The slime creature is burned terribly!
The slime creature is burned by your cloak of flames.
The slime creature is almost dead.
Unknown command.
Press < or > to pray at altars.
Press: ? - help, v - describe, . - travel
Here: a tengu warrior, wielding a +0 bardiche and wearing a +0 ring mail (severely wounded)
A corrupted altar of Lugonu.
Unknown command.
Press < or > to pray at altars.
Unknown command.
Press < or > to pray at altars.
There is a hazy altar of Hepliaklqana here.
The slime creature is no longer more vulnerable to fire.
There is an opulent altar of Gozag here.
Casting: Scorch (safe; 1% risk of failure)
Confirm with . or Enter, or press ? or * to list all spells.
You don't have enough magic to cast this spell.
Okay, then.
Okay, then.
Okay, then.
Magic courses through your body. The slime creature hits you.
The slime creature is burned by your cloak of flames.
The slime creature is almost dead.
The tengu warrior hits you from afar with a +0 bardiche!
* * * LOW HITPOINT WARNING * * *
Unknown command.
Press < or > to pray at altars.
There is a blossoming altar of Fedhas here.
Casting: Scorch (safe; 1% risk of failure)
Confirm with . or Enter, or press ? or * to list all spells.
Flames lash the slime creature.
The slime creature is almost dead.
The slime creature's fire resistance burns away.
The slime creature hits you but does no damage.
The slime creature is burned terribly!
The slime creature is burned by your cloak of flames.
You kill the slime creature!
The tengu warrior hits you from afar with a +0 bardiche!!
You die...

▓.▓
▓.▓
▓.▓
▓'▓
▓_▓
▓_▓
▓_▓
▓_▓
▓@▓
▓_▓
▓Q▓
▓_▓
▓_▓
▓_▓
▓_▓
▓_▓
▓_▓


You could see a tengu warrior.

Vanquished Creatures
  A manticore (D)
  A troll (D)
  2 slime creatures (D)
  A tarantella (shapeshifter) (D)
  A yak (D)
  An acid dragon (D)
  A kobold brigand (D)
  A scorpion (D)
  A howler monkey (D)
  An orc wizard (D)
  2 adder zombies (D)
  An endoplasm (D)
  A giant cockroach (D)
  2 hobgoblins (D)
  A quokka (D)
  A giant cockroach zombie (D)
  A kobold (D)
  A quokka zombie (D)
21 creatures vanquished.

Notes
Turn   | Place    | Note
-------+----------+-------------------------------------------
     0 | D        | mhtbhm the Human Cinder Acolyte began the quest for the
                  | Orb.
     0 | D        | Reached XP level 1. HP: 18/18 MP: 2/2
    23 | D        | Reached XP level 2. HP: 18/25 MP: 3/3
   119 | D        | Noticed a scorpion
   134 | D        | Killed a scorpion
   135 | D        | Reached skill level 5 in Fighting
   135 | D        | Reached skill level 5 in Short Blades
   135 | D        | Reached skill level 5 in Fire Magic
   135 | D        | Reached XP level 3. HP: 33/33 MP: 4/4
   135 | D        | Reached XP level 4. HP: 39/39 MP: 5/5
   205 | D        | Found a snail-covered altar of Cheibriados.
   205 | D        | Found a shadowy altar of Dithmenos.
   205 | D        | Found a white marble altar of Elyvilon.
   205 | D        | Found a blossoming altar of Fedhas.
   205 | D        | Found an opulent altar of Gozag.
   206 | D        | Found a hazy altar of Hepliaklqana.
   207 | D        | Found a viscous altar of Jiyva.
   208 | D        | Found an ancient bone altar of Kikubaaqudgha.
   209 | D        | Found a corrupted altar of Lugonu.
   210 | D        | Found a burning altar of Makhleb.
   211 | D        | Found a sparkling altar of Nemelex Xobeh.
   212 | D        | Found an iron altar of Okawaru.
   213 | D        | Found a stormy altar of Qazlal.
   214 | D        | Found a sacrificial altar of Ru.
   215 | D        | Found a shimmering blue altar of Sif Muna.
   216 | D        | Found a bloodstained altar of Trog.
   217 | D        | Found a hide-covered altar of Uskayaw.
   218 | D        | Found a radiant altar of Vehumet.
   219 | D        | Found an ornate altar of the Wu Jian Council.
   220 | D        | Found a shimmering altar of Xom.
   221 | D        | Found a basalt altar of Yredelemnul.
   222 | D        | Found a glowing silver altar of Zin.
   223 | D        | Found a glowing golden altar of the Shining One.
   242 | D        | Learned a level 2 spell: Scorch
   269 | D        | Noticed a kobold brigand
   269 | D        | Noticed a yak
   269 | D        | Noticed an acid dragon
   275 | D        | Reached skill level 1 in Dodging
   275 | D        | Reached XP level 5. HP: 44/46 MP: 1/7
   276 | D        | Killed a kobold brigand
   277 | D        | Reached skill level 6 in Fire Magic
   280 | D        | Reached XP level 6. HP: 55/55 MP: 1/8
   289 | D        | Killed a yak
   289 | D        | Killed an acid dragon
   290 | D        | Reached skill level 8 in Fire Magic
   290 | D        | Reached XP level 7. HP: 63/63 MP: 2/11
   433 | D        | Noticed a troll
   433 | D        | Noticed a slime creature
   433 | D        | Noticed a manticore
   433 | D        | Noticed a slime creature
   433 | D        | Noticed a tengu warrior
   433 | D        | Noticed a harpy
   437 | D        | Killed a troll
   438 | D        | Reached skill level 9 in Fire Magic
   441 | D        | Noticed a rime drake
   441 | D        | a harpy changed into a rime drake
   442 | D        | Killed a slime creature
   443 | D        | Reached skill level 10 in Fire Magic
   443 | D        | Reached XP level 8. HP: 58/71 MP: 11/14
   447 | D        | Killed a manticore
   448 | D        | Reached skill level 5 in Spellcasting
   604 | D        | Noticed a tarantella
   608 | D        | Killed a tarantella
   609 | D        | Reached skill level 11 in Fire Magic
   660 | D        | Killed a slime creature
   660 | D        | Mangled by a tengu warrior

Illustrated notes

Levels and vault maps discovered:
D:        linesprint [early_d, line_temple, items_1, d_10, items_2, lair_1,
          lair_end, items_3, orc_1, orc_end, items_4, d_15, swamp_1, shoals_1,
          snake_1, spider_1, d_20, vaults_1, items_5, swamp_end, shoals_end,
          snake_end, spider_end, vaults_end, d_27, items_6, zot_1, zot_end,
          crypt_end, forest_end, elf_end, slime_end, tomb_end, abyss_end,
          pan_hell_end]

Skill      XL: |  1  2  3  4  5  6  7  8 |
---------------+-------------------------+-----
Fighting       | 5 6 7 8 9 |  9.5
Short Blades   | 5 6 7 8 9 |  9.9
Fire Magic     | 5 6 8 10 11 | 11.1
Dodging        | 1 2 3 |  3.5
Spellcasting   | 2 4 5 |  5.9
Evocations     | 2 3 |  3.5

Action                   |  1- 3 |  4- 6 |  7- 9 || total
-------------------------+-------+-------+-------++-------
Melee: Short sword       |    17 |     7 |       ||    24
       Rapier            |       |       |     5 ||     5
 Cast: Scorch            |       |     2 |    23 ||    25
Invok: Fiery Armour      |    10 |       |       ||    10
       Foxfire Swarm     |     2 |       |       ||     2
Evoke: Wand              |       |     7 |       ||     7
  Use: Potion            |     2 |     2 |     6 ||    10
Armor: Robe              |     6 |     1 |    15 ||    22
Dodge: Dodged            |    14 |     2 |    14 ||    30

Table legend: (Time is in decaauts)
 A = Elapsed time spent in this place.
 B = Non-inter-level travel time spent in this place.
 C = Inter-level travel time spent in this place.
 D = Time resting spent in this place.
 E = Time spent auto-exploring this place.
 F = Levels seen in this place.
 G = Mean time per level.
                   A        B        C        D        E       F      G
               +--------+--------+--------+--------+--------+-----+--------+
         Total |    646 |    646 |      0 |    424 |      0 |   1 |  646.0 |
       Dungeon |    646 |    646 |      0 |    424 |      0 |   1 |  646.0 |
               +--------+--------+--------+--------+--------+-----+--------+

Top non-repeatable levels by time:
       D: 646 daAuts
